 Dungeon Crawl Stone Soup version 0.31-a0-152-g6aa68a64a1 (webtiles) character file.

Game seed: 4929140262379174956

19183 qw the Marksminotaur (level 12, -15/106 HPs)
             Began as a Minotaur Hunter on June 9, 2023.
             Was an Elder of Okawaru.
             Demolished by a large abomination (23 damage)
             ... in a Gauntlet.
             The game lasted 00:05:08 (10749 turns).

qw the Marksminotaur (Minotaur Hunter)             Turns: 10749, Time: 00:05:08

Health: -15/106    AC: 16    Str: 17    XL:     12   Next: 34%
Magic:  16/17      EV: 20    Int:  6    God:    Okawaru [****..]
Gold:   821        SH:  5    Dex: 18    Spells: 11/11 levels left

rFire   . . .        Y - +2 orcbow (flame)
rCold   + . .        (shield currently unavailable)
rNeg    . . .        l - +0 steam dragon scales
rPois   +            (helmet restricted)
rElec   .            b - +2 cloak
rCorr   .            d - +2 pair of gloves
SInv    .            p - +0 pair of boots
Will    .....        j - amulet of reflection
Stlth   +++          g - ring of poison resistance
HPRegen 0.37/turn    q - ring of protection from cold
MPRegen 0.15/turn

%: no teleportation, reflection
@: heroic
A: horns 2, retaliatory headbutt
a: Renounce Religion, Heroism, Finesse


You were in a Gauntlet.
You worshipped Okawaru.
Okawaru was greatly pleased with you.
You visited 3 branches of the dungeon, and saw 15 of its levels.
You also visited: Sewer and Gauntlet.

You collected 908 gold pieces.
You spent 87 gold pieces at shops.


Innate Abilities, Weirdness & Mutations

You have a pair of horns on your head.
You reflexively headbutt those who attack you in melee.


   Skills:
 - Level 10.0(15.0) Fighting
 + Level 15.8(20.8) Ranged Weapons
 - Level 6.0(11.0) Armour
 - Level 8.0(13.0) Dodging
 - Level 0.7(5.7) Stealth
 + Level 9.3 Invocations


You had 11 spell levels left.
You didn't know any spells.
Your spell library was empty.

Inventory:

Hand Weapons
 Y - a +2 orcbow of flaming (weapon)
Armour
 b - a +2 cloak (worn)
 d - a +2 pair of gloves (worn)
 l - +0 steam dragon scales (worn)
 p - a +0 pair of boots (worn)
Jewellery
 g - a ring of poison resistance (left hand)
 j - an amulet of reflection (around neck)
 m - the ring of Yredelemnul's Esteem {rN+ Str+2}
   (You acquired it in a sewer)

   [ring of positive energy]

   Str:       It affects your strength (+2).
   rN:        It protects you from negative energy.
 q - a ring of protection from cold (right hand)
 s - a +6 ring of strength
Scrolls
 a - 2 scrolls of teleportation
 h - 3 scrolls of identify
Potions
 c - 3 potions of might
 e - 5 potions of curing
 f - a potion of haste
 n - 3 potions of resistance
 o - a potion of mutation

Dungeon Overview and Level Annotations

Branches:
Dungeon (11/15)            Temple (1/1) D:6            Lair (3/5) D:10
  Swamp (0/4) Lair:2        Snake (0/4) Lair:2        Sewer (visited)
Gauntlet (1/1)
    Orc: D:9-12

Altars:
Ashenzari
Cheibriados
Dithmenos
Elyvilon
Fedhas
Gozag
Hepliaklqana
Kikubaaqudgha
Makhleb
Nemelex Xobeh
Okawaru
Qazlal
Ru
Sif Muna
Trog
Uskayaw
Vehumet
Wu Jian
Xom
Yredelemnul
Zin
The Shining One

Shops:
D:2 [   D:8 (

Annotations:
Gauntlet 13 transporters


Message History

You feel much better.
You block the small abomination's attack.
The small abomination hits you.
The large abomination completely misses you.
You shoot an arrow. The arrow hits the large abomination!!
The arrow burns the large abomination.
The large abomination is almost destroyed.
You block the small abomination's attack.
You shoot an arrow.
The arrow barely misses the large abomination.
The large abomination hits you!
You block the small abomination's attack.
The small abomination hits you!
You shoot an arrow. The arrow hits the large abomination.
The arrow burns the large abomination.
You destroy the large abomination!
Okawaru accepts your kill. The small abomination misses you.
You shoot an arrow. The arrow hits the small abomination!
The arrow burns the small abomination.
The small abomination is heavily damaged.
The small abomination barely misses you.
You furiously retaliate!
You headbutt the small abomination! You shoot an arrow.
The arrow hits the small abomination.
The arrow burns the small abomination.
The small abomination is severely damaged.
The small abomination hits you. x2
The small abomination completely misses you.
The large abomination completely misses you.
You shoot an arrow. The arrow hits the small abomination!
The arrow burns the small abomination.
The small abomination is almost destroyed.
The small abomination misses you.
The small abomination completely misses you.
You shoot an arrow. The arrow hits the small abomination!
The arrow burns the small abomination.
You destroy the small abomination!
Okawaru accepts your kill. The large abomination hits you!!
You die...

.......#.#........2#.#..........#
########.###########.#########...
^........#~~~¤8~¤¤¤#........^#...
########.###########.############
zzzzz#.#.#|#^.#....#.#.#...:^/...
.....#.#.#.X#..#...#.#.#..##.##..
####.#.#.##..#..#..#.#.#.##...##.
#z#.##.#.#.#..#.x#.#.#.#.#.....#.
^....#.#^#^.#^.#@.##^#.#....^....
z#.#.#.###.#..#xX#.###.#.#.....#.
####z#...##..#..#..#...#.##.%.##.
...zz#...#=.#..#^..#...#..##.##..
zzzzz#...#!#^.#....#...#.........
######...###########...##########
......¤¤.............¤.¤....^....
......¤8~...........¤8~........\.
......¤¤............¤~......^....


You could see a large abomination and 2 small abominations.

Vanquished Creatures
  A hydra (Lair:2)
  4 two-headed ogres
  2 bog bodies (Lair:2)
  Pikel (D:9)
  2 oklob plants (Lair:2)
  A black mamba (Lair:1)
  A cyclops (D:11)
  6 cane toads
  A gargoyle (D:10)
  3 komodo dragons
  2 large abominations (Gauntlet)
  A raiju (Gauntlet)
  10 yaks
  2 wyverns
  A basilisk (Lair:1)
  6 steam dragons
  Eustachio (D:4)
  2 vampire mosquitoes (D:10)
  2 wargs (D:10)
  2 acid dragons
  21 water moccasins
  A small abomination (Gauntlet)
  Duvessa (D:5)
  3 sky beasts
  An ice beast (D:7)
  2 orc warriors
  2 black bears
  8 wolves (Lair:1)
  An ogre (D:5)
  A centaur (D:9)
  A lemure (D:9)
  A phantom (D:6)
  6 bullfrogs
  3 gnoll sergeants
  3 kobold brigands
  A scorpion (D:4)
  Dowan (D:5)
  10 killer bees
  3 howler monkeys (D:10)
  2 hounds
  4 orc priests
  3 jellies
  A sleepcap (D:6)
  3 iguanas
  6 orc wizards
  18 gnolls
  5 river rats
  20 adders
  A shadow imp (D:7)
  3 white imps
  3 ufetubi
  A worm (D:3)
  2 dart slugs
  20 orcs
  8 ball pythons
  7 bats
  5 endoplasms
  5 giant cockroaches
  10 goblins
  6 hobgoblins
  3 jackals (D:1)
  23 kobolds
  5 quokkas
  13 frilled lizards
  12 rats
  A spectral goblin (D:3)
311 creatures vanquished.

Notes
Turn   | Place    | Note
-------+----------+-------------------------------------------
     0 | D:1      | qw the Minotaur Hunter began the quest for the Orb.
     0 | D:1      | Reached XP level 1. HP: 18/18 MP: 0/0
     0 | D:1      | 0 ||| qw: Version: 0.2-a-121-gba3a3e5
     0 | D:1      | 0 ||| qw: Game counter: 3229
     0 | D:1      | 0 ||| qw: Always use a shield: true
     0 | D:1      | 0 ||| qw: God list: Okawaru
     0 | D:1      | 0 ||| qw: Allow faded altars: false
     0 | D:1      | 0 ||| qw: Do Orc after D:15 true
     0 | D:1      | 0 ||| qw: Do second Lair branch before Depths: true
     0 | D:1      | 0 ||| qw: Lair rune preference: random
     0 | D:1      | 0 ||| qw: Plans: Normal
     0 | D:1      | 0 ||| PLANNING D:1-11
   121 | D:1      | Reached skill level 5 in Ranged Weapons
   121 | D:1      | Reached XP level 2. HP: 9/25 MP: 1/1
   285 | D:1      | 285 ||| Stepping ~*~*~tactically~*~*~ (outnumbered).
   293 | D:1      | Reached skill level 3 in Fighting
   330 | D:1      | Reached XP level 3. HP: 31/31 MP: 2/2
   710 | D:1      | 710 ||| UPGRADING to +0 ring mail.
   720 | D:1      | 720 ||| DROPPING +0 leather armour.
   721 | D:1      | 721 ||| UPGRADING to ring of poison resistance.
   722 | D:1      | 722 ||| READING 2 scrolls labelled USTRAJI YHIHI.
   723 | D:1      | 723 ||| READING scroll labelled LAIBO POISINEN.
   724 | D:1      | 724 ||| READING scroll labelled SOGANG HETAEVANNU.
   725 | D:1      | 725 ||| READING 2 scrolls labelled KISSIM POSHUOTS.
   726 | D:1      | 726 ||| READING scroll labelled VALESHAXTIU.
   727 | D:1      | 727 ||| DROPPING scroll of butterflies.
   728 | D:1      | 728 ||| DROPPING scroll of magic mapping.
   940 | D:2      | Reached skill level 1 in Armour
  1133 | D:2      | Found Higabek's Antique Armour Shop.
  1140 | D:2      | 1140 ||| SHOPLISTING runed scarf (168 gold, have 109).
  1389 | D:2      | Reached XP level 4. HP: 38/38 MP: 3/3
  1398 | D:2      | 1398 ||| READING scroll labelled PEGGES WA QAT.
  1499 | D:2      | 1499 ||| DRINKING 3 fizzy puce potions.
  1500 | D:2      | 1500 ||| DRINKING 2 glowing green potions.
  1506 | D:2      | 1506 ||| DRINKING 2 smoky brown potions.
  1507 | D:2      | 1507 ||| DROPPING potion of ambrosia.
  1903 | D:3      | Identified the +7 spear "Soekhlodd" {flame, Int-5 Dex+6}
  1985 | D:3      | Found a hazy altar of Hepliaklqana.
  2099 | D:3      | Reached skill level 6 in Ranged Weapons
  2165 | D:3      | 2165 ||| READING scroll labelled SOBLESMUHO.
  2166 | D:3      | 2166 ||| READING scroll labelled ASUKUKECKO.
  2167 | D:3      | 2167 ||| DRINKING 2 fuming green potions.
  2209 | D:3      | 2209 ||| DRINKING 2 metallic green potions.
  2210 | D:3      | 2210 ||| DROPPING potion of lignification.
  2211 | D:3      | 2211 ||| DROPPING potion of brilliance.
  2296 | D:4      | 2296 ||| Stepping ~*~*~tactically~*~*~ (outnumbered).
  2298 | D:4      | 2298 ||| Stepping ~*~*~tactically~*~*~ (outnumbered).
  2312 | D:4      | HP: 5/40 [gnoll/+0 spear (6)]
  2476 | D:4      | Noticed a scorpion
  2485 | D:4      | Killed a scorpion
  2486 | D:4      | Reached XP level 5. HP: 20/46 MP: 4/4
  2722 | D:4      | Reached skill level 7 in Ranged Weapons
  2722 | D:4      | Noticed Eustachio
  2738 | D:4      | 2738 ||| FLEEEEING.
  2739 | D:4      | 2739 ||| FLEEEEING.
  2740 | D:4      | 2740 ||| FLEEEEING.
  2741 | D:4      | 2741 ||| FLEEEEING.
  2742 | D:4      | 2742 ||| FLEEEEING.
  2745 | D:4      | 2745 ||| FLEEEEING.
  2746 | D:4      | 2746 ||| FLEEEEING.
  2980 | D:4      | Killed Eustachio
  2981 | D:4      | Reached skill level 8 in Ranged Weapons
  2981 | D:4      | Reached XP level 6. HP: 43/52 MP: 5/5
  3090 | D:4      | 3090 ||| UPGRADING to amulet of regeneration.
  3095 | D:4      | 3095 ||| READING scroll labelled ZIWNIKUTOW.
  3096 | D:4      | 3096 ||| READING scroll labelled ERUIVE LUZU.
  3097 | D:4      | 3097 ||| READING scroll labelled CISHRED MAVIL.
  3102 | D:5      | Entered Level 5 of the Dungeon
  3103 | D:5      | 3103 ||| PLANNING SEWER
  3172 | D:5      | 3172 ||| DROPPING +0 sling of electrocution.
  3211 | D:5      | Identified the +6 trident of Arrival {spect, Int+4}
  3211 | D:5      | Noticed Duvessa
  3212 | D:5      | Noticed Dowan
  3227 | D:5      | Killed Duvessa
  3228 | D:5      | Reached XP level 7. HP: 54/61 MP: 6/6
  3229 | D:5      | Killed Dowan
  3293 | D:5      | 3293 ||| Stepping ~*~*~tactically~*~*~ (outnumbered).
  3297 | D:5      | Reached skill level 3 in Dodging
  3355 | D:5      | Found a glowing drain.
  3356 | D:5      | 3356 ||| UPGRADING to +0 pair of gloves.
  3361 | D:5      | 3361 ||| READING scroll of enchant armour.
  3361 | D:5      | 3361 ||| ENCHANTING +0 pair of gloves.
  3362 | D:5      | 3362 ||| DRINKING 2 fizzy ruby potions.
  3363 | D:5      | 3363 ||| DRINKING 2 metallic blue potions.
  3364 | D:5      | 3364 ||| READING 2 scrolls of identify.
  3364 | D:5      | 3364 ||| IDENTIFYING sapphire potion
  3365 | D:5      | 3365 ||| DROPPING potion of enlightenment.
  3366 | D:5      | 3366 ||| DROPPING potion of degeneration.
  3376 | Sewer    | Entered a sewer
  3467 | Sewer    | 3467 ||| Stepping ~*~*~tactically~*~*~ (water).
  3666 | Sewer    | 3666 ||| READING scroll labelled GOVATH ZONIPS.
  3667 | Sewer    | 3667 ||| READING scroll labelled LOLERI HARCHU.
  3667 | Sewer    | Identified a scroll of acquirement
  3667 | Sewer    | 3667 ||| ACQUIRING ring of Yredelemnul's Esteem {rN+ Str+2}
  3667 | Sewer    | Acquired the ring of Yredelemnul's Esteem {rN+ Str+2}
  3669 | Sewer    | 3669 ||| UPGRADING to ring of Yredelemnul's Esteem {rN+
                  | Str+2}.
  3670 | Sewer    | 3670 ||| READING scroll labelled JER UKLOZEAHERPH.
  3674 | Sewer    | 3674 ||| DRINKING 2 pink potions.
  3675 | Sewer    | 3675 ||| DRINKING 2 metallic black potions.
  3780 | Sewer    | 3780 ||| READING 2 scrolls of identify.
  3780 | Sewer    | 3780 ||| IDENTIFYING ruby potion
  3781 | Sewer    | 3781 ||| DROPPING potion of berserk rage.
  3784 | D:5      | 3784 ||| PLANNING D:1-11
  3805 | D:5      | Reached skill level 9 in Ranged Weapons
  4393 | D:5      | 4393 ||| READING scroll of enchant armour.
  4393 | D:5      | 4393 ||| ENCHANTING +1 pair of gloves.
  4463 | D:5      | 4463 ||| UPGRADING to +1 cloak.
  4468 | D:5      | 4468 ||| UPGRADING to +6 ring of strength.
  4470 | D:5      | 4470 ||| READING scroll labelled KOCUATEGOPN.
  4525 | D:6      | Noticed a steam dragon
  4533 | D:6      | Reached skill level 6 in Fighting
  4534 | D:6      | 4534 ||| STAIRDANCE
  4540 | D:5      | Killed a steam dragon
  4541 | D:5      | Reached XP level 8. HP: 65/70 MP: 7/7
  4574 | D:6      | Reached skill level 10 in Ranged Weapons
  4676 | D:6      | Found a staircase to the Ecumenical Temple.
  4677 | D:6      | 4677 ||| PLANNING TEMPLE
  4685 | Temple   | Entered the Ecumenical Temple
  4686 | Temple   | 4686 ||| PLANNING OKAWARU WORSHIP
  4805 | Temple   | Became a worshipper of Warmaster Okawaru
  4805 | Temple   | 4805 ||| PLANNING D:1-11
  4829 | D:6      | Reached skill level 3 in Armour
  4941 | D:6      | Found a shimmering altar of Xom.
  4955 | D:6      | Found an opulent altar of Gozag.
  5165 | D:7      | 5165 ||| READING scroll of enchant weapon.
  5165 | D:7      | 5165 ||| ENCHANTING +1 shortbow of draining.
  5334 | D:7      | Reached * piety under Okawaru
  5346 | D:7      | Reached skill level 1 in Invocations
  5425 | D:7      | Reached XP level 9. HP: 79/79 MP: 9/9
  5575 | D:7      | 5575 ||| UPGRADING to ring of protection from cold.
  5622 | D:8      | Noticed a two-headed ogre
  5623 | D:8      | 5623 ||| INVOKING Heroism.
  5629 | D:8      | Killed a two-headed ogre
  5629 | D:8      | Reached ** piety under Okawaru
  5630 | D:8      | Reached skill level 11 in Ranged Weapons
  5630 | D:8      | Reached skill level 3 in Invocations
  5662 | D:8      | 5662 ||| READING scroll of enchant armour.
  5662 | D:8      | 5662 ||| ENCHANTING +1 cloak.
  5665 | D:8      | Found Ywam Yckify's Antique Weapon Shoppe.
  5695 | D:8      | 5695 ||| BUYING orcbow (87 gold).
  5695 | D:8      | Bought an orcbow for 87 gold pieces
  5695 | D:8      | 5695 ||| SWAPPING to +0 orcbow.
  5696 | D:8      | 5696 ||| DROPPING +2 shortbow of draining.
  5842 | D:8      | Reached skill level 12 in Ranged Weapons
  5978 | D:8      | 5978 ||| INVOKING Heroism.
  5986 | D:8      | HP: 18/81 [yak (8)]
  5987 | D:8      | 5987 ||| READING 3 scrolls of teleportation.
  5988 | D:8      | 5988 ||| DRINKING potion of heal wounds.
  5994 | D:8      | Reached *** piety under Okawaru
  6002 | D:8      | 6002 ||| INVOKING Heroism.
  6006 | D:8      | Reached XP level 10. HP: 26/88 MP: 9/12
  6118 | D:8      | 6118 ||| INVOKING Heroism.
  6529 | D:8      | 6529 ||| UPGRADING to +0 pair of boots.
  6739 | D:9      | Noticed Pikel
  6752 | D:9      | Killed Pikel
  6753 | D:9      | Reached skill level 13 in Ranged Weapons
  6767 | D:9      | You fall into a shaft and drop 2 floors!
  6793 | D:11     | 6793 ||| READING scroll of brand weapon.
  6793 | D:11     | 6793 ||| BRANDING +0 orcbow.
  6799 | D:11     | Noticed a two-headed ogre
  6800 | D:11     | 6800 ||| INVOKING Heroism.
  6812 | D:11     | Killed a two-headed ogre
  6812 | D:11     | Reached **** piety under Okawaru
  6813 | D:11     | Reached skill level 9 in Fighting
  6920 | D:11     | Noticed a cyclops
  6921 | D:11     | 6921 ||| INVOKING Heroism.
  6924 | D:11     | Killed a cyclops
  6941 | D:11     | 6941 ||| READING 2 scrolls of identify.
  6941 | D:11     | 6941 ||| IDENTIFYING orange potion
  6947 | D:10     | Entered Level 10 of the Dungeon
  7106 | D:9      | Found a broken altar of Ashenzari.
  7114 | D:9      | 7114 ||| INVOKING Heroism.
  7115 | D:9      | 7115 ||| Stepping ~*~*~tactically~*~*~ (cloud).
  7170 | D:9      | 7170 ||| READING scroll of enchant weapon.
  7170 | D:9      | 7170 ||| ENCHANTING +0 orcbow of electrocution.
  7282 | D:9      | 7282 ||| Stepping ~*~*~tactically~*~*~ (outnumbered).
  7290 | D:9      | Reached skill level 6 in Dodging
  7323 | D:9      | Found a shimmering blue altar of Sif Muna.
  7329 | D:9      | Found a bloodstained altar of Trog.
  7334 | D:9      | Found a glowing silver altar of Zin.
  7338 | D:9      | Found a shadowy altar of Dithmenos.
  7419 | D:9      | 7419 ||| INVOKING Heroism.
  7469 | D:9      | 7469 ||| DROPPING amulet of magic regeneration.
  7470 | D:9      | 7470 ||| DROPPING amulet of the acrobat.
  7552 | D:10     | Noticed a two-headed ogre
  7553 | D:10     | 7553 ||| INVOKING Heroism.
  7557 | D:10     | Killed a two-headed ogre
  7599 | D:10     | Noticed a gargoyle
  7621 | D:10     | 7621 ||| INVOKING Heroism.
  7625 | D:10     | Killed a gargoyle
  7754 | D:10     | 7754 ||| INVOKING Heroism.
  7759 | D:10     | 7759 ||| Stepping ~*~*~tactically~*~*~ (cloud).
  7801 | D:10     | Noticed a two-headed ogre
  7802 | D:10     | 7802 ||| INVOKING Heroism.
  7816 | D:10     | Killed a two-headed ogre
  7817 | D:10     | Reached skill level 14 in Ranged Weapons
  7817 | D:10     | Reached XP level 11. HP: 50/97 MP: 11/13
  7818 | D:10     | 7818 ||| INVOKING Heroism.
  7951 | D:10     | 7951 ||| Stepping ~*~*~tactically~*~*~ (outnumbered).
  7982 | D:10     | 7982 ||| READING scroll of enchant weapon.
  7982 | D:10     | 7982 ||| ENCHANTING +1 orcbow of electrocution.
  8003 | D:10     | Found a staircase to the Lair.
  8006 | D:10     | 8006 ||| INVOKING Heroism.
  8215 | D:10     | 8215 ||| PLANNING LAIR
  8215 | D:10     | 8215 ||| READING 2 scrolls of identify.
  8215 | D:10     | 8215 ||| IDENTIFYING amethyst potion
  8216 | D:10     | 8216 ||| DROPPING potion of attraction.
  8226 | Lair:1   | Entered Level 1 of the Lair of Beasts
  8234 | Lair:1   | 8234 ||| INVOKING Heroism.
  8365 | Lair:1   | 8365 ||| INVOKING Heroism.
  8401 | Lair:1   | 8401 ||| DRINKING potion of cancellation.
  8406 | Lair:1   | Reached skill level 6 in Invocations
  8423 | Lair:1   | Received a gift from Okawaru
  8424 | Lair:1   | 8424 ||| INVOKING Heroism.
  8508 | Lair:1   | Reached skill level 15 in Ranged Weapons
  8618 | Lair:1   | 8618 ||| INVOKING Heroism.
  8803 | Lair:1   | 8803 ||| INVOKING Heroism.
  8923 | Lair:1   | Reached skill level 6 in Armour
  8966 | Lair:1   | 8966 ||| Stepping ~*~*~tactically~*~*~ (water).
  9124 | Lair:1   | 9124 ||| INVOKING Heroism.
  9166 | Lair:1   | 9166 ||| UPGRADING to +0 steam dragon scales.
  9176 | Lair:1   | 9176 ||| DROPPING +0 ring mail.
  9177 | Lair:1   | 9177 ||| UPGRADING to amulet of reflection.
  9187 | Lair:1   | 9187 ||| DROPPING amulet of regeneration.
  9188 | Lair:1   | 9188 ||| DROPPING +6 ring of intelligence.
  9189 | Lair:1   | 9189 ||| DROPPING ring of wizardry.
  9190 | Lair:1   | 9190 ||| READING scroll labelled SIEVVA BIENUWK.
  9191 | Lair:1   | 9191 ||| READING 2 scrolls of identify.
  9191 | Lair:1   | 9191 ||| IDENTIFYING grey potion
  9334 | Lair:2   | Noticed an eight-headed hydra
  9335 | Lair:2   | 9335 ||| INVOKING Heroism.
  9339 | Lair:2   | Killed an eight-headed hydra
  9487 | Lair:2   | Found a staircase to the Snake Pit.
  9493 | Lair:2   | 9493 ||| INVOKING Heroism.
  9499 | Lair:2   | Reached XP level 12. HP: 106/106 MP: 14/17
  9530 | Lair:2   | 9530 ||| INVOKING Heroism.
  9631 | Lair:2   | Found a hide-covered altar of Uskayaw.
  9920 | Lair:2   | Found a blossoming altar of Fedhas.
  9923 | Lair:2   | 9923 ||| INVOKING Heroism.
  9956 | Lair:2   | 9956 ||| READING 2 scrolls of brand weapon.
  9956 | Lair:2   | 9956 ||| BRANDING +2 orcbow of electrocution.
  9957 | Lair:2   | 9957 ||| READING scroll of brand weapon.
  9957 | Lair:2   | 9957 ||| BRANDING +2 orcbow of draining.
 10113 | Lair:2   | Found a staircase to the Swamp.
 10118 | Lair:2   | 10118 ||| FLEEEEING.
 10119 | Lair:2   | 10119 ||| FLEEEEING.
 10121 | Lair:2   | 10121 ||| FLEEEEING.
 10122 | Lair:2   | 10122 ||| FLEEEEING.
 10276 | Lair:2   | 10276 ||| READING scroll labelled VIHIJU VUOTIBB.
 10310 | Lair:3   | Found a gate leading to a gauntlet.
 10311 | Lair:3   | 10311 ||| PLANNING GAUNTLET
 10321 | Lair:3   | Reached skill level 9 in Invocations
 10324 | Gauntlet | Entered a Gauntlet
 10324 | Gauntlet | Found a transporter.
 10324 | Gauntlet | Found a transporter.
 10328 | Gauntlet | Found a transporter.
 10328 | Gauntlet | Found a transporter.
 10329 | Gauntlet | Noticed a catoblepas
 10344 | Gauntlet | Found a transporter.
 10346 | Gauntlet | Found a transporter.
 10348 | Gauntlet | Found a transporter.
 10348 | Gauntlet | Found a transporter.
 10352 | Gauntlet | Found a transporter.
 10388 | Gauntlet | Found a transporter.
 10390 | Gauntlet | Noticed a death scarab
 10404 | Gauntlet | Noticed a quicksilver ooze
 10410 | Gauntlet | Found a transporter.
 10414 | Gauntlet | Noticed a hell beast
 10432 | Gauntlet | Found a transporter.
 10478 | Gauntlet | Found a transporter.
 10489 | Gauntlet | Noticed a death scarab
 10503 | Gauntlet | Found a transporter.
 10594 | Gauntlet | Found a transporter.
 10608 | Gauntlet | Found a transporter.
 10695 | Gauntlet | 10695 ||| INVOKING Heroism.
 10736 | Gauntlet | 10736 ||| INVOKING Heroism.
 10741 | Gauntlet | HP: 12/106 [large abomination (28)]
 10742 | Gauntlet | 10742 ||| DRINKING potion of heal wounds.
 10747 | Gauntlet | HP: 11/106 [small abomination (2)]
 10749 | Gauntlet | Demolished by a large abomination

Levels and vault maps discovered:
D:1:      minmay_arrival_jagged, layout_loops_cross
D:2:      layout_basic, serial_shops, shop
D:3:      layout_loops_ring, nicolae_hepliaklqana_monster_ancestors
D:4:      layout_basic, uniq_eustachio
D:5:      layout_basic, portal_sewer_entry_b, uniq_duvessa
D:6:      layout_cave_pools, chequers_temple_overflow_statue_of_worship,
          minmay_temple_entry_overgrown, minivault_24
D:7:      layout_cave_pools
D:8:      layout_gridville, nicolae_stop_n_shop_1
D:9:      layout_roguey, evilmike_ruin_ashenzari, minitemple, uniq_pikel
D:10:     layout_basic, erik_lair_orcish_takeover
D:11:     layout_basic
Temple:   nicolae_temple_two_arcs
Lair:1:   lemuel_reptile_caves, layout_chaotic_city, grunt_megastairs_3
Lair:2:   layout_regular_city, nicolae_swamp_entry_splash_gauntlet,
          dummy_snake_entry, basic_altar, wad_woods_road_06,
          hangedman_tree_tricks
Lair:3:   layout_chaotic_city, gauntlet_entry_generic,
          chequers_serial_rivers_small_a, nicolae_lair_grazing_beasts
          [nicolae_sub_lair_graze_edge, nicolae_sub_lair_graze_edge,
          nicolae_sub_lair_graze_edge, nicolae_sub_lair_graze_edge],
          serial_bayou_shore_a, uniq_gastronok
Gauntlet: gammafunk_gauntlet_branching [gammafunk_gauntlet_arena_split_diamond,
          gammafunk_gauntlet_arena_grid, gammafunk_gauntlet_arena_hedges,
          gammafunk_gauntlet_arena_arrow_garden,
          gammafunk_gauntlet_arena_split_x, gammafunk_gauntlet_arena_spirals,
          gammafunk_gauntlet_arena_teeth, gammafunk_gauntlet_arena_open,
          gauntlet_exit_hidden_loot]

Skill      XL: |  1  2  3  4  5  6  7  8  9 10 11 12 |
---------------+-------------------------------------+-----
Ranged Weapons | 5 6 8 9 10 12 14 15 | 15.8
Fighting       | 3 4 5 6 7 8 9 10 | 10.0
Armour         | 1 2 3 4 5 6 |  6.0
Dodging        | 3 4 5 6 7 8 |  8.0
Invocations    | 1 4 5 8 9 |  9.3
Stealth        | |  0.7

Action                     |  1- 3 |  4- 6 |  7- 9 | 10-12 || total
---------------------------+-------+-------+-------+-------++-------
   Fire: Shortbow          |   121 |   154 |   273 |       ||   548
         Orcbow            |       |       |    76 |   558 ||   634
 Invoke: Heroism           |       |       |     3 |    23 ||    26
    Use: Scroll            |     5 |     6 |    11 |    10 ||    32
         Potion            |       |     5 |     5 |     2 ||    12
 Armour: Leather armour    |     9 |       |       |       ||     9
         Ring mail         |     6 |    37 |    99 |   131 ||   273
         Steam dragon scal |       |       |       |     5 ||     5
  Dodge: Dodged            |    39 |    74 |   175 |   262 ||   550
  Block: Other             |       |       |       |    10 ||    10

Table legend:
 A = Non-vault XP
 B = Vault XP
 C = Vault XP percentage of total XP
 D = Non-vault monster count
 E = Vault monster count
 F = Vault count percentage of total count
                 A         B        C        D         E       F
            +---------+---------+-------+---------+---------+-------
      Total |   18437 |    9117 |  33.1 |     227 |      83 |  26.8
            +---------+---------+-------+---------+---------+-------
        D:1 |      54 |       0 |   0.0 |      29 |       0 |   0.0
        D:2 |      43 |       0 |   0.0 |      20 |       0 |   0.0
        D:3 |      33 |       3 |   8.3 |      11 |       2 |  15.4
        D:4 |     246 |     181 |  42.4 |      13 |       1 |   7.1
        D:5 |     516 |     229 |  30.7 |      10 |       5 |  33.3
        D:6 |     479 |       0 |   0.0 |      10 |       0 |   0.0
        D:7 |    1074 |       0 |   0.0 |      21 |       0 |   0.0
        D:8 |    3148 |       0 |   0.0 |      37 |       0 |   0.0
        D:9 |     981 |     593 |  37.7 |      26 |       1 |   3.7
       D:10 |    3122 |     546 |  14.9 |      20 |       7 |  25.9
       D:11 |    1310 |       0 |   0.0 |       2 |       0 |   0.0
     Lair:1 |    4152 |    3362 |  44.7 |      18 |      36 |  66.7
     Lair:2 |    2890 |    2473 |  46.1 |       9 |       4 |  30.8
     Lair:3 |     389 |       0 |   0.0 |       1 |       0 |   0.0
      Sewer |       0 |      82 | 100.0 |       0 |      21 | 100.0
   Gauntlet |       0 |    1648 | 100.0 |       0 |       6 | 100.0
            +---------+---------+-------+---------+---------+-------
